 Dungeon Crawl Stone Soup version 0.22-a0-815-gb582571 (webtiles) character file.

22 iamserjio the Chiller (level 2, -1/19 HPs)
             Began as a Barachi Ice Elementalist on July 23, 2018.
             Slain by a jackal (3 damage)
             ... on level 1 of the Dungeon.
             The game lasted 00:02:17 (236 turns).

iamserjio the Chiller (Barachi Ice Elementalist)     Turns: 236, Time: 00:02:18

Health: -1/19      AC:  2    Str:  9    XL:     2   Next: 91%
Magic:  0/5        EV: 18    Int: 20    God:
Gold:   37         SH:  0    Dex: 17    Spells: 5/6 levels left

rFire    . . .     SeeInvis .   b - +0 dagger
rCold    . . .     Gourm    .   (no shield)
rNeg     . . .     Faith    .   a - +0 robe
rPois    .         Spirit   .   (no helmet)
rElec    .         Reflect  .   (no cloak)
rCorr    .         Harm     .   (no gloves)
MR       .....                  (no boots)
Stlth    +++.......             (no amulet)
HPRegen  0.06/turn              (no ring)
MPRegen  0.09/turn              (no ring)

@: brilliant, agile, slow
A: +LOS, swims, slowness 1, strong legs 1
a: Hop


You were on level 1 of the Dungeon.
You were not hungry.

You visited 1 branch of the dungeon, and saw 1 of its levels.

You collected 37 gold pieces.

Inventory:

Hand Weapons
 b - a +0 dagger (weapon)
Missiles
 e - 2 throwing nets (quivered) {!f}
Armour
 a - a +0 robe (worn)
Scrolls
 g - 2 scrolls of enchant weapon {unknown}
Comestibles
 c - a ration


   Skills:
 - Level 2.1 Dodging
 - Level 1.7 Stealth
 + Level 2.9 Spellcasting
   Level 1.1 Conjurations
 + Level 4.3 Ice Magic


You had 5 spell levels left.
You knew the following spells:

 Your Spells              Type           Power        Failure   Level  Hunger
a - Freeze                Ice            ####         1%          1    None

Your spell library contained the following spells:

 Spells                   Type           Power        Failure   Level  Hunger
 Throw Frost              Conj/Ice       ####..       1%          2    ##.....
 Summon Ice Beast         Ice/Summ       ###.....     7%          4    ####...
 Ozocubu's Armour         Chrm/Ice       ###.....     2%          3    ###....
 Throw Icicle             Conj/Ice       ####....     5%          4    ####...


Dungeon Overview and Level Annotations

Branches:
Dungeon (1/15)

Altars:


Innate Abilities, Weirdness & Mutations

Shadows flee at your approach. (+LOS)
You can swim through water.
You cover ground slowly.
You can hop short distances.


Message History

Press: ? - help, Shift-Dir - straight line, f - jackal
Aim: a jackal You freeze the jackal.
The jackal is lightly wounded.
The jackal closely misses you.
You hit the jackal but do no damage.
The jackal is lightly wounded.
The jackal misses you. The jackal bites you.
* * * LOW HITPOINT WARNING * * *
It was a potion of agility.
You feel agile all of a sudden. The jackal closely misses you.
The kobold shouts!
It was a potion of brilliance.
You feel clever all of a sudden. The jackal closely misses you.
The kobold barely misses you.
You hit the jackal but do no damage.
The jackal is lightly wounded.
The jackal barely misses you. The jackal bites you.
You die...

#..... . #....#### .#
####....... ...
#.........#.##.# #
###.........". ... .
##.#.........#.##.##.
##...###...=.........
#.........h# ...#
#...###..@# #..# #.# ##K##
#..# #.# #.# ######..###
#†# ##.###.........#####
#†####.........K.........
##)##....###.######..#####
#.......## #.# #..#
#.#.#.### #.### #..#
#.#.#.# #..... #..# ###


You could see a jackal and a kobold.

Vanquished Creatures
  A dart slug (D:1)
  A ball python (D:1)
  2 hobgoblins (D:1)
  6 jackals (D:1)
  A kobold (D:1)
  A bat (D:1)
  4 goblins (D:1)
16 creatures vanquished.

Notes
Turn   | Place    | Note
-------+----------+-------------------------------------------
     0 | D:1      | iamserjio the Barachi Ice Elementalist began the quest for the Orb.
     0 | D:1      | Reached XP level 1. HP: 13/13 MP: 3/3
    79 | D:1      | Reached skill level 4 in Ice Magic
    79 | D:1      | Reached XP level 2. HP: 3/19 MP: 0/5
   236 | D:1      | Slain by a jackal

Vault maps used:
D:1:      lightli_arrival_statue_moat

Skill      XL: |  1 |
---------------+----+-----
Ice Magic      | 4 |  4.3
Dodging        | |  2.1
Stealth        | |  1.7
Spellcasting   | |  2.9
Conjurations   | |  1.1

Action                   || total
-------------------------++-------
Melee: Dagger            ||    45
 Cast: Freeze            ||    23
 Abil: Hop               ||     1
  Use: Potion            ||     2
Armor: Robe              ||     9
Dodge: Dodged            ||    60

Table legend:
 A = Spawn XP
 B = Non-spawn XP
 C = Spawn XP percentage of total XP
 D = Spawn monster count
 E = Non-spawn monster count
 F = Spawn count percentage of total count
 G = Total turns spent on level
                    A         B        C        D         E        F      G
               +---------+---------+-------+---------+---------+-------+---------
         Total |       0 |      32 |   0.0 |       0 |      16 |   0.0 |   236
               +---------+---------+-------+---------+---------+-------+---------
           D:1 |       0 |      32 |   0.0 |       0 |      16 |   0.0 |   236
               +---------+---------+-------+---------+---------+-------+---------
